AoeStats
← KartaL-tr77

Arena

510512734Analyzed
1v1 RM · 16h ago on Oct 1, 2026· 63m 20s· 2 players
Game mode
Random Map
Map size
Tiny (2 player)
Population
200
Speed
Normal
Resources
Standard
Victory
Conquest
Starting age
Dark Age
Ending age
Imperial Age
RankedLock teamsTeams togetherTeam positionsShared explorationLock speedFull tech treeHidden civsTurbo modeCheats
Victory
Defeat
🇹🇷 Turks · Türkiye
951
+17
🇺🇸 Vietnamese · United States
966
-17
KartaL-tr77
10:48 Feudal Age
15:01 Castle Age
14:05 Horse Collar
14:38 Double-Bit Axe
18:10 Wheelbarrow
21:38 Loom
25:20 Imperial Age
27:43 Gold Mining
30:04 Hand Cart
30:27 Stone Mining
33:03 Scale Barding Armor
36:09 Bloodlines
36:02 Town Watch
37:27 Chain Barding Armor
37:18 Forging
39:20 Plate Barding Armor
40:34 Conscription
42:06 Heavy Camel Rider
44:51 Ballistics
45:35 Iron Casting
45:24 Bow Saw
45:40 Fletching
48:39 Padded Archer Armor
51:45 Blast Furnace
50:47 Scale Mail Armor
51:50 Squires
52:04 Bodkin Arrow
56:10 Heavy Plow
58:22 Bracer
58:38 Leather Archer Armor
58:39 Chain Mail Armor
63:53 Ring Archer Armor
U_no_pig
12:54 Feudal Age
17:13 Castle Age
19:47 Crossbowman
21:01 Thumb Ring
20:48 Double-Bit Axe
34:24 Imperial Age
33:05 Wheelbarrow
32:49 Horse Collar
33:26 Heavy Plow
35:54 Loom
35:58 Cavalier
36:41 Husbandry
36:51 Bloodlines
37:59 Town Watch
39:31 Hand Cart
39:32 Scale Barding Armor
39:37 Forging
40:35 Chain Barding Armor
44:20 Town Patrol
45:12 Iron Casting
45:13 Plate Barding Armor
44:38 Scale Mail Armor
48:26 Elite Battle Elephant
52:17 Pikeman
53:00 Scale Mail Armor
55:55 Fletching
56:06 Padded Archer Armor
56:22 Chain Mail Armor
56:07 Halberdier
56:57 Light Cavalry
57:34 Bodkin Arrow
59:36 Paper Money
59:26 Bracer
59:41 Leather Archer Armor
59:33 Elite Rattan Archer
62:08 Elite Rattan Archer
Connection lost

Rejoining the realm…

Still unreachable

The connection could not be restored.

Session expired

The server has moved on; the page needs a fresh start.